AoeStats
← CazadorGT

Arabia

506871834Analyzed
2v2 RM · 18d ago on Sep 15, 2026· 48m 19s· 4 players
Game mode
Random Map
Map size
Medium (4 player)
Population
200
Speed
Normal
Resources
Standard
Victory
Conquest
Starting age
Dark Age
Ending age
Imperial Age
RankedLock teamsTeams togetherTeam positionsShared explorationLock speedFull tech treeHidden civsTurbo modeCheats
Victory
Defeat
🇬🇹 Ethiopians · Guatemala
1201
+13
🇬🇹 Bulgarians · Guatemala
1104
+17
🇨🇭 Wei · Switzerland
1156
-16
🇨🇭 Vietnamese · Switzerland
1114
-14
Yazz
6:53 Loom
9:26 Feudal Age
11:33 Double-Bit Axe
19:53 Castle Age
28:09 Stone Mining
32:27 Bow Saw
38:55 Forging
41:07 Iron Casting
41:56 Bloodlines
41:46 Husbandry
43:26 Scale Barding Armor
44:44 Chain Barding Armor
44:52 Gold Mining
48:49 Gold Shaft Mining
charmani11
7:12 Loom
10:11 Feudal Age
13:16 Double-Bit Axe
19:07 Fletching
19:17 Padded Archer Armor
26:34 Castle Age
28:42 Bow Saw
28:42 Elite Skirmisher
29:28 Thumb Ring
31:51 Gold Mining
37:12 Forging
CazadorGT
7:20 Loom
10:23 Feudal Age
13:33 Scale Mail Armor
13:55 Fletching
14:24 Padded Archer Armor
16:12 Forging
21:15 Horse Collar
27:02 Castle Age
25:50 Gold Mining
25:54 Stone Mining
26:56 Scale Barding Armor
29:43 Iron Casting
29:39 Bloodlines
29:29 Double-Bit Axe
29:47 Heavy Plow
30:33 Chain Barding Armor
30:37 Husbandry
33:44 Bodkin Arrow
37:49 Town Watch
46:11 Imperial Age
44:32 Bow Saw
44:17 Gold Mining
45:05 Stone Shaft Mining
46:20 Elite Konnik
47:36 Plate Barding Armor
48:21 Blast Furnace
48:13 Wheelbarrow
Fabrizio
2:56 Loom
9:35 Feudal Age
10:24 Double-Bit Axe
16:37 Fletching
23:48 Castle Age
22:55 Padded Archer Armor
23:50 Crossbowman
24:39 Thumb Ring
25:03 Bow Saw
25:06 Bodkin Arrow
26:19 Wheelbarrow
29:08 Town Watch
29:20 Gold Mining
30:49 Leather Archer Armor
32:11 Hand Cart
32:15 Town Patrol
33:57 Ballistics
38:58 Imperial Age
37:32 Forging
37:22 Scale Mail Armor
40:56 Chemistry
40:07 Masonry
39:23 Arbalester
42:21 Iron Casting
42:01 Chain Mail Armor
41:52 Bracer
42:59 Ring Archer Armor
45:52 Sappers
46:44 Conscription
49:03 Architecture
Connection lost

Rejoining the realm…

Still unreachable

The connection could not be restored.

Session expired

The server has moved on; the page needs a fresh start.